 Dungeon Crawl Stone Soup version 0.32-a0-571-gec57dfcd37 (webtiles) character file.

Game seed: 14896715467628329159

348579 sleeves the Eclecticist (level 23, -1/172 HPs)
             Began as a Djinni Fire Elementalist on Feb 29, 2024.
             Was the Champion of Makhleb.
             Slain by a vault guard
             ... wielding a +2 heavy war axe
              (15 damage)
             ... on level 5 of the Vaults on Mar 1, 2024.
             The game lasted 02:16:27 (51352 turns).

sleeves the Eclecticist (Djinni Fire Elementalist) Turns: 51352, Time: 02:16:28

Health: -1/172     AC: 11    Str:  9    XL:     23   Next: 18%
Gold:   2279       EV: 24    Int: 32    God:    Makhleb [******] SH: 14 Dex: 15

rFire   + + +        b - +5 spear "Kuywafip" {protect, rF+ rC+ Int+3}
rCold   + + .        N - +0 kite shield {reflect} {Donald}
rNeg    . . .        C - +0 leather armour "Jeelu" {+Inv rC+ Int+2}
rPois   ∞            W - +1 helmet {Int+3}
rElec   +            V - +0 cloak {rCorr}
rCorr   +            T - +2 pair of gloves {Dex+3}
SInv    +            (boots unavailable)
Will    +++++        p - amulet "Niehec" {Spirit rC++ Will+ Dex-2 Slay+6}
Stlth   ++           S - ring "Cajextis" {rElec Will+++ EV+5 Str-2 Int-2}
HPRegen 0.48/turn    Z - ring "Sapnorer" {Fire Will+ Str+4 Int-2 SInv}
MPRegen 0.00/turn

%: reflection, guardian spirit, infuse magic (-2 HP)
@: flying, studying 2 skills
A: sickness immunity, fire resistance 2, cold vulnerability 1, float, innate
caster, HP casting, extra vitality 1
}: 2/15 runes: barnacled, gossamer
a: Renounce Religion, Evoke Invisibility, Minor Destruction, Lesser Servant of
Makhleb, Major Destruction, Greater Servant of Makhleb


You were on level 5 of the Vaults.
You worshipped Makhleb.
Makhleb was exalted by your worship.
You visited 8 branches of the dungeon, and saw 37 of its levels.
You also visited: Desolation.

You collected 4365 gold pieces.
You spent 2086 gold pieces at shops.

Inventory:

Hand Weapons
 b - the +5 spear "Kuywafip" (weapon) {protect, rF+ rC+ Int+3}
   (You bought it in a shop on level 2 of the Orcish Mines)

   Int+3:     It affects your intelligence (+3).
   rF+:       It protects you from fire.
   rC+:       It protects you from cold.
 c - the +6 sling of Xuepu {freeze, rF- rN+ Int+6}
   (You found it on level 3 of the Vaults)

   Int+6:     It affects your intelligence (+6).
   rF-:       It makes you vulnerable to fire.
   rN+:       It protects you from negative energy.
 y - the +3 flail "Oxuenn" {flame, *Noise rPois rC++ rCorr}
   (You found it on level 4 of the Vaults)

   rC++:      It greatly protects you from cold.
   rPois:     It protects you from poison *Noise: It may make a loud noise when
   swung.
   rCorr:     It protects you from acid and corrosion.
 H - the +6 whip of the Shallot {flame, Str+5 Int+5}
   (You found it on level 7 of the Dungeon)

   Str+5:     It affects your strength (+5).
   Int+5:     It affects your intelligence (+5).
Missiles
 o - 8 throwing nets
Armour
 C - the +0 leather armour "Jeelu" (worn) {+Inv rC+ Int+2}
   (You bought it in a shop on level 2 of the Orcish Mines)

   Int+2:     It affects your intelligence (+2).
   rC+:       It protects you from cold.
   +Inv:      It lets you turn invisible.
 N - a +0 kite shield of reflection (worn) {Donald}
   (You took it off Donald on level 1 of the Shoals)
 P - the +0 pair of gloves of the Big Bang {rC+}
   (You bought it in a shop on level 3 of the Vaults)

   rC+:       It protects you from cold.
 T - a +2 pair of gloves of dexterity (worn)
   (You found it on level 12 of the Dungeon)
 V - a +0 cloak of preservation (worn)
   (You took it off Nikola on level 1 of the Spider Nest)
 W - a +1 helmet of intelligence (worn)
   (You bought it in a shop on level 3 of the Vaults)
 X - the +10 tower shield of Ignorance {rN+ Int-4}
   (You found it on level 3 of the Vaults)

   Int-4:     It affects your intelligence (-4).
   rN+:       It protects you from negative energy.
 Y - the +1 leather armour "Zaebrif" {Int+9}
   (You found it in the Desolation of Salt)

   Int+9:     It affects your intelligence (+9).
Jewellery
 p - the amulet "Niehec" (around neck) {Spirit rC++ Will+ Dex-2 Slay+6}
   (You took it off an imperial myrmidon in the Desolation of Salt)

   [amulet of guardian spirit]

   Spirit:    It causes incoming damage to be divided between your reserves of
   health and magic.
   Dex-2:     It affects your dexterity (-2).
   Slay+6:    It affects your accuracy & damage with ranged weapons and melee
   (+6).
   rC++:      It greatly protects you from cold.
   Will+:     It increases your willpower.
 v - a ring of resist corrosion
   (You found it on level 1 of the Vaults)
 z - the ring "Senaseyf" {rC+ rN+ MP+9 AC+4}
   (You found it in the Desolation of Salt)

   [ring of protection]

   AC+4:      It affects your AC (+4).
   rC+:       It protects you from cold.
   rN+:       It protects you from negative energy.
   MP+9:      It affects your magic capacity (+9).
 J - the ring of Coiv {Will++ rCorr Str-4 Dex+2 Stlth+}
   (You took it off an imperial myrmidon in the Desolation of Salt)

   [ring of resist corrosion]

   Str-4:     It affects your strength (-4).
   Dex+2:     It affects your dexterity (+2).
   Will++:    It greatly increases your willpower.
   rCorr:     It protects you from acid and corrosion.
   Stlth+:    It makes you more stealthy.
 S - the ring "Cajextis" (left hand) {rElec Will+++ EV+5 Str-2 Int-2}
   (You found it on level 2 of the Spider Nest)

   [ring of evasion]

   EV+5:      It affects your evasion (+5).
   Str-2:     It affects your strength (-2).
   Int-2:     It affects your intelligence (-2).
   rElec:     It insulates you from electricity.
   Will+++:   It greatly increases your willpower.
 Z - the ring "Sapnorer" (right hand) {Fire Will+ Str+4 Int-2 SInv}
   (You found it on level 5 of the Lair of Beasts)

   [ring of fire]

   Fire:      It enhances your fire magic.
   Str+4:     It affects your strength (+4).
   Int-2:     It affects your intelligence (-2).
   rF+:       It protects you from fire.
   rC-:       It makes you vulnerable to cold.
   Will+:     It increases your willpower.
   SInv:      It lets you see invisible.
Talismans
 A - a talisman of death
   (You found it on level 1 of the Vaults)
Wands
 l - a wand of paralysis (27)
   (You found it on level 3 of the Dungeon)
 t - a wand of quicksilver (27)
   (You found it on level 4 of the Dungeon)
 B - a wand of iceblast (12)
   (You found it on level 6 of the Dungeon)
Scrolls
 a - 8 scrolls of noise
 d - 4 scrolls of fog
 e - 7 scrolls of vulnerability
 h - 3 scrolls of blinking
 i - 10 scrolls of teleportation
 k - 5 scrolls of enchant armour
 m - 2 scrolls of silence {unknown}
 r - 3 scrolls of fear
 x - 3 scrolls of immolation
 E - 5 scrolls of brand weapon
 I - 6 scrolls of revelation
 M - 2 scrolls of enchant weapon
 U - 2 scrolls of poison
Potions
 f - 12 potions of attraction
 g - 10 potions of haste
 j - 7 potions of enlightenment
 n - 8 potions of curing
 q - 5 potions of heal wounds
 u - 3 potions of might
 w - 4 potions of berserk rage
 D - a potion of invisibility {unknown}
 F - 6 potions of brilliance
 G - 6 potions of lignification
 K - 8 potions of mutation
 O - 11 potions of ambrosia
 Q - a potion of cancellation {unknown}
 R - a potion of resistance {unknown}
Miscellaneous
 s - a phial of floods
   (You found it on level 4 of the Shoals)
 L - a lightning rod (4/4)
   (You found it on level 4 of the Vaults)


   Skills:
 - Level 17.0 Fighting
 + Level 11.2 Polearms
 - Level 10.0 Armour
 - Level 16.0 Dodging
 - Level 1.5 Stealth
 + Level 17.3 Shields
 + Level 20.8 Spellcasting
 + Level 20.8 Conjurations
 + Level 20.8 Hexes
   Level 0.0 Charms
 + Level 20.8 Summonings
 + Level 20.8 Necromancy
 + Level 20.8 Translocations
   Level 0.0 Transmutations
 + Level 20.8 Fire Magic
 + Level 20.8 Ice Magic
 + Level 20.8 Air Magic
 + Level 20.8 Earth Magic
 + Level 20.8 Alchemy


You knew the following spells:

 Your Spells              Type           Power      Damage    Failure   Level
a - Foxfire               Conj/Fire      100%       2x1d9     0%          1
b - Scorch                Fire           100%       2d9       0%          2
c - Volatile Blastmotes   Fire/Tloc      100%       2d18      0%          3
d - Inner Flame           Hex/Fire       100%       N/A       0%          3
e - Flame Wave            Conj/Fire      100%       2d21      0%          4
f - Slow                  Hex            100%       N/A       0%          1
g - Blink                 Tloc           100%       N/A       0%          2
h - Mephitic Cloud        Conj/Alch/Air  100%       N/A       0%          3
i - Cause Fear            Hex            52%        N/A       0%          4
j - Animate Armour        Summ/Erth      100%       N/A       0%          4
k - Silence               Hex/Air        52%        N/A       0%          5
l - Sculpt Simulacrum     Ice/Alch       52%        N/A       1%          6
m - Death Channel         Necr           52%        N/A       1%          6
n - Plasma Beam           Fire/Air       64%        2x1d80    1%          6
o - Summon Hydra          Summ           52%        N/A       1%          7
p - Infestation           Necr           52%        N/A       3%          8
Your spell library was empty.

Dungeon Overview and Level Annotations

Branches:
Dungeon (15/15)            Temple (1/1) D:6            Lair (5/5) D:10
 Shoals (4/4) Lair:3       Spider (4/4) Lair:2        Slime (0/5) Lair:5
    Orc (2/2) D:11            Elf (1/3) Orc:2        Vaults (5/5) D:14
  Crypt (0/3) Vaults:2     Depths (0/4) D:15        Desolation (visited)

Altars:
Ashenzari
Cheibriados
Dithmenos
Elyvilon
Fedhas
Gozag
Hepliaklqana
Makhleb
Nemelex Xobeh
Okawaru
Qazlal
Ru
Trog
Uskayaw
Wu Jian
Xom
Yredelemnul
Zin
The Shining One
Jiyva

Shops:
D:3 *(   D:7 *   Orc:1 *   Orc:2 ![((   Shoals:1 :   Vaults:3 [

Portals:
Hell: Lair:5

Annotations:
D:10 1 runed translucent door, baller8008's ghost, journeyman DjHW
D:11 1 runed translucent door, osoart's ghost, journeyman CoGl
Lair:5 jamsaran's ghost, journeyman DgAl
Spider:1 Roxanne
Orc:1 3 runed translucent doors, Pokonic1's ghost, journeyman DrSh


Innate Abilities, Weirdness & Mutations

You are immune to sickness and miasma.
You are immune to poison.
Your flesh is very heat resistant. (rF++)
You are vulnerable to cold. (rC-)
You float through the air rather than walking.
You learn spells naturally, not from books.
Your magical power is your life essence.
You have superior vitality. (+4 MHP)


Message History

There is an open door here. 2 sphinxes come into view.
You feel a surge of power!
The bolt of lightning hits the sphinx!!!
The sphinx is severely wounded.
The sphinx shouts!
The bolt of lightning hits the sphinx!
The sphinx is lightly wounded.
The fiery plasma hits the sphinx!!
The sphinx is almost dead.
The fiery plasma hits the sphinx!!
The sphinx is heavily wounded.
You hear a shout! x2
The sphinx mumbles some strange words.
You resist with almost no effort.
You feel a surge of power!
The bolt of lightning hits the sphinx!!
You kill the sphinx!
Makhleb accepts your kill.
You feel better.
The bolt of lightning hits the sphinx!!!
You kill the sphinx!
Makhleb accepts your kill.
You hear a shout! x2
Your Polearms skill increases to level 10!
You can't see any susceptible monsters within range! (Use Z to cast anyway.)
There is an open door here.
Found a scale mail.
You reach down and open the door.
A great orb of eyes comes into view.
Found a potion of heal wounds and a leather armour.
The great orb of eyes turns its gaze towards you.
The great orb of eyes pulsates ominously.
A great orb of eyes is nearby!
You feel a surge of power!
The bolt of lightning hits the great orb of eyes!!!
The great orb of eyes is severely wounded.
The fiery plasma hits the great orb of eyes!!!
You kill the great orb of eyes!
Makhleb accepts your kill.
You feel better.
You hear two shouts!
You hear a shout! x3
Found a robe.
The ettin shouts in stereo!
A necromancer opens the door.
There is an open door here.
You feel a surge of power!
The bolt of lightning hits the necromancer.
The necromancer is lightly wounded.
The fiery plasma hits the necromancer!!!
You kill the necromancer!
Makhleb accepts your kill.
You feel better.
You hear a shout!
Found a pair of boots.
A vault sentinel comes into view. It is wielding a +0 war axe.
You feel a surge of power!
The bolt of lightning hits the vault sentinel!!!
The vault sentinel is severely wounded.
The fiery plasma hits the vault sentinel.
The vault sentinel is severely wounded.
You hear a shout!
The vault sentinel blows a loud note on a signal horn!
You feel a surge of power!
The bolt of lightning hits the vault sentinel!!!
You kill the vault sentinel!
Makhleb accepts your kill.
You feel better.
You hear a shout!
An ironbound convoker comes into view. It is wielding a +0 morningstar.
You feel a surge of power!
The bolt of lightning hits the ironbound convoker!!!
You kill the ironbound convoker!
Makhleb accepts your kill.
You hear a shout!
A vault sentinel comes into view.
It is wielding a +2 morningstar of holy wrath.
A vault warden opens the door.
You feel a surge of power!
The bolt of lightning hits the vault sentinel!!!
You kill the vault sentinel!
Makhleb accepts your kill.
You feel better.
You can't see any susceptible monsters within range! (Use Z to cast anyway.)
An ettin is nearby!
You can't see any susceptible monsters within range! (Use Z to cast anyway.)
An ettin is nearby!
An ettin is nearby!
An ettin is nearby!
A vault sentinel comes into view. It is wielding a +0 long sword.
There is an open door here.
You can't see any susceptible monsters within range! (Use Z to cast anyway.)
Things that are here:
a +1 dagger of holy wrath; a +0 robe You see here the +3 flail "Oxuenn" {flame, *Noise rPois rC++ rCorr}.
y - the +3 flail "Oxuenn" {flame, *Noise rPois rC++ rCorr} A vault warden is nearby!
A vault warden is nearby!
You feel a surge of power!
The bolt of lightning hits the vault warden!!
The vault warden is moderately wounded.
The fiery plasma misses the vault warden.
You feel a surge of power!
The bolt of lightning hits the vault warden!!!
You kill the vault warden!
Makhleb accepts your kill.
You feel better.
An ironbound thunderhulk comes into view.
It is wielding a +0 dire flail.
You feel a surge of power!
The bolt of lightning hits the ironbound thunderhulk!!!
The ironbound thunderhulk is severely wounded.
The fiery plasma hits the ironbound thunderhulk!!
You kill the ironbound thunderhulk!
Makhleb accepts your kill.
You feel better.
A shadow dragon comes into view.
Things that are here:
a +1 dagger of holy wrath; a +0 robe You feel a surge of power!
The bolt of lightning misses the shadow dragon.
The fiery plasma misses the shadow dragon.
The shadow dragon breathes negative energy at you.
The bolt of negative energy hits you!!!
You feel drained.
You feel a surge of power!
The bolt of lightning hits the shadow dragon!!!
The shadow dragon is moderately wounded.
The bolt of lightning hits the vault sentinel!!
The vault sentinel is heavily wounded.
The fiery plasma hits the shadow dragon!!!
The shadow dragon is almost dead.
The fiery plasma hits the vault sentinel!!
You kill the vault sentinel!
Makhleb accepts your kill.
You feel better.
You feel a surge of power!
The bolt of lightning misses the shadow dragon.
The fiery plasma hits the shadow dragon!!!
You kill the shadow dragon!
Makhleb accepts your kill.
An ettin is nearby!
An ettin is nearby!
Items here: )) [[.
There is an open door here.
You see here a shadow dragon corpse.
Things that are here:
a +0 long sword; a +0 ring mail; a human corpse The slime creature quivers.
You feel a surge of power!
The bolt of lightning hits the ettin!!
The ettin is moderately wounded.
The fiery plasma hits the ettin.
The ettin is moderately wounded.
You feel a surge of power!
The bolt of lightning hits the ettin!!!
You kill the ettin!
Makhleb accepts your kill.
You feel better.
The slime creature quivers.
Things that are here:
a +0 heavy great mace; a +0 dire flail; an ettin corpse
There is an open door here.
You see here a shadow dragon corpse.
There is an open door here.
You now have 2145 gold pieces (gained 28).
There is an open door here.
Things that are here:
a +0 dire flail; a +0 animal skin
Items here: )) [ †.
A yaktaur captain comes into view. It is wielding a +0 long sword.
You feel a surge of power!
The bolt of lightning hits the yaktaur captain!!!
The yaktaur captain is heavily wounded.
The yaktaur captain shouts!
The fiery plasma hits the yaktaur captain!!!
You kill the yaktaur captain!
Makhleb accepts your kill.
You hear a shout!
You can't see any susceptible monsters within range! (Use Z to cast anyway.)
Things that are here:
a +0 long sword; a +2 arbalest of freezing An ironbound frostheart comes into view.
The ironbound frostheart shouts!
You feel a surge of power!
The bolt of lightning misses the ironbound frostheart.
The fiery plasma misses the ironbound frostheart.
You feel a surge of power!
The bolt of lightning misses the ironbound frostheart.
The fiery plasma hits the ironbound frostheart.
The ironbound frostheart is lightly wounded.
You feel a surge of power!
The bolt of lightning hits the ironbound frostheart!!
The ironbound frostheart is heavily wounded.
The fiery plasma hits the ironbound frostheart!!!
You kill the ironbound frostheart!
Makhleb accepts your kill.
You feel better.
You hear a shout!
You see here a +0 scale mail.
There is an open door here.
Found a stone staircase leading down.
i - 10 scrolls of teleportation (gained 1)
There is an open door here.
A sphinx comes into view.
You feel a surge of power!
The bolt of lightning hits the sphinx!!
The sphinx is moderately wounded.
The sphinx shouts!
The fiery plasma hits the sphinx!!!
You kill the sphinx!
Makhleb accepts your kill.
You feel better.
You hear a shout! x4
A vault sentinel comes into view.
It is wielding a +0 heavy morningstar and carrying a wand of quicksilver.
A vault sentinel is nearby!
A vault sentinel is nearby!
You feel a surge of power!
The bolt of lightning hits the vault sentinel!!!
You kill the vault sentinel!
Makhleb accepts your kill.
You feel better.
You now have 2160 gold pieces (gained 15).
t - a wand of quicksilver (27) (gained 4 charges)
Items here: )) [ †.
j - 7 potions of enlightenment (gained 1)
There is an open door here.
An ironbound convoker comes into view. It is wielding a +0 great mace.
An ironbound convoker is nearby!
You feel a surge of power!
The bolt of lightning hits the ironbound convoker!!!
The ironbound convoker is almost dead.
The fiery plasma hits the ironbound convoker!!
You kill the ironbound convoker!
Makhleb accepts your kill.
A sphinx comes into view.
You feel a surge of power!
The bolt of lightning hits the sphinx!!!
The sphinx is heavily wounded.
The fiery plasma misses the sphinx.
You hear a shout! x2
A sphinx is nearby!
You feel a surge of power!
The bolt of lightning hits the sphinx!
The sphinx is severely wounded.
The fiery plasma hits the sphinx!!!
You kill the sphinx!
Makhleb accepts your kill.
You feel better.
You see here a sphinx corpse.
There is an open door here.
Things that are here:
a +0 great mace; a +0 ring mail; a human corpse
There is an open door here.
You see here a sphinx corpse.
An ironbound convoker comes into view. It is wielding a +1 heavy dire flail.
The ironbound convoker shouts!
The ironbound convoker begins to recite a word of recall!
There is an open door here.
You feel a surge of power!
The bolt of lightning hits the ironbound convoker!!!
You kill the ironbound convoker!
Makhleb accepts your kill.
You feel better.
Things that are here:
a +1 heavy dire flail; a +0 ring mail An ironbound preserver comes into view.
It is wielding a +0 morningstar.
You feel a surge of power!
The bolt of lightning hits the ironbound preserver!!
The ironbound preserver is moderately wounded.
The ironbound preserver shouts!
The fiery plasma hits the ironbound preserver!!
The ironbound preserver is heavily wounded.
You hear a shout!
You feel a surge of power!
The bolt of lightning hits the ironbound preserver!!!
The ironbound preserver is almost dead.
The fiery plasma hits the ironbound preserver!!!
You kill the ironbound preserver!
Makhleb accepts your kill.
You feel better.
You hear a shout! x2
A great orb of eyes comes into view.
A great orb of eyes is nearby!
You feel a surge of power!
The bolt of lightning hits the great orb of eyes!!
The great orb of eyes is heavily wounded.
The fiery plasma hits the great orb of eyes!!!
You kill the great orb of eyes!
Makhleb accepts your kill.
You feel better.
An ironbound preserver comes into view. It is wielding a +0 great mace.
Your life force feels restored.
You feel a surge of power!
The bolt of lightning hits the ironbound preserver.
The ironbound preserver is lightly wounded.
The fiery plasma misses the ironbound preserver.
You feel a surge of power!
The bolt of lightning hits the ironbound preserver!
The ironbound preserver is lightly wounded.
The fiery plasma hits the ironbound preserver!!
The ironbound preserver is heavily wounded.
You feel a surge of power!
The bolt of lightning hits the ironbound preserver!!
The ironbound preserver is severely wounded.
The fiery plasma hits the ironbound preserver!!!
You kill the ironbound preserver!
Makhleb accepts your kill.
You feel better.
Things that are here:
a +0 morningstar; a +0 ring mail; a human corpse You see here a sphinx corpse.
Things that are here:
a +0 great mace; a +0 leather armour
There is a large open door here.
h - 3 scrolls of blinking (gained 1)
F - 6 potions of brilliance (gained 1)
There is an open door here.
There is an open door here.
A yaktaur captain comes into view.
There is a large open door here.
You feel a surge of power!
The bolt of lightning hits the yaktaur captain!
The yaktaur captain is lightly wounded.
The yaktaur captain shouts!
The fiery plasma hits the yaktaur captain!
The yaktaur captain is moderately wounded.
You hear a shout!
The yaktaur captain wields a +0 arbalest.
The yaktaur captain shoots a bolt.
The bolt closely misses you.
You feel a surge of power!
The bolt of lightning hits the yaktaur captain.
The yaktaur captain is moderately wounded.
The fiery plasma hits the yaktaur captain!!
The yaktaur captain is heavily wounded.
The yaktaur captain shoots a bolt.
The bolt hits you!!
A yaktaur captain is nearby!
You feel a surge of power!
The bolt of lightning hits the yaktaur captain.
The yaktaur captain is severely wounded.
The fiery plasma hits the yaktaur captain!
The yaktaur captain is severely wounded.
The yaktaur captain shoots a bolt.
The bolt hits you!!
A yaktaur captain is nearby!
A yaktaur captain is nearby!
A yaktaur captain is nearby!
You are too injured to fight recklessly!
A yaktaur captain is nearby!
A yaktaur captain is nearby!
Casting: Plasma Beam (mildly dangerous; 1% risk of failure)
Confirm with . or Enter, or press ? or * to list all spells.
Casting: Plasma Beam (mildly dangerous; 1% risk of failure)
Press: ? - help, Dir - look around, f - activate You feel a surge of power!
The bolt of lightning hits the yaktaur captain.
The yaktaur captain is severely wounded.
The fiery plasma hits the yaktaur captain!
The yaktaur captain is almost dead.
You hear a shout!
Casting: Plasma Beam (mildly dangerous; 1% risk of failure)
Confirm with . or Enter, or press ? or * to list all spells.
Casting: Plasma Beam (mildly dangerous; 1% risk of failure)
Press: ? - help, Dir - look around, f - activate You feel a surge of power!
The bolt of lightning hits the yaktaur captain!!!
You kill the yaktaur captain!
Makhleb accepts your kill.
You feel better.
An ironbound frostheart comes into view.
An ironbound frostheart is nearby!
An ironbound frostheart is nearby!
You feel a surge of power!
The bolt of lightning hits the ironbound frostheart!!!
You kill the ironbound frostheart!
Makhleb accepts your kill.
You feel better.
You have reached level 23!
The power to cast Infestation wells up from within.
Spell assigned to 'p'.
You need no library to learn spells.
An ironbound convoker comes into view. It is wielding a +0 flail.
An ironbound convoker is nearby!
You feel a surge of power!
The bolt of lightning hits the ironbound convoker!
The ironbound convoker is moderately wounded.
The fiery plasma hits the ironbound convoker!!!
You kill the ironbound convoker!
Makhleb accepts your kill.
You feel better.
There is an open door here.
You reach down and open the door. 2 slime creatures come into view.
The slime creature quivers.
There are monsters nearby!
You feel a surge of power!
The bolt of lightning hits the slime creature!!!!
You kill the slime creature!
Makhleb accepts your kill.
You feel better.
You hear a shout!
You hear a horrible gurgling sound!
A slime creature comes into view.
You feel a surge of power!
The bolt of lightning hits the slime creature.
The slime creature is lightly wounded.
The slime creature quivers.
The bolt of lightning hits the slime creature!!
The slime creature is moderately wounded.
The fiery plasma misses the slime creature.
The fiery plasma hits the slime creature.
The slime creature is heavily wounded.
You hear a horrible gurgling sound!
You hear a shout!
You feel a surge of power!
The bolt of lightning hits the slime creature!
The slime creature is moderately wounded.
The bolt of lightning hits the slime creature!!!
The slime creature is almost dead.
The fiery plasma hits the slime creature.
The slime creature is moderately wounded.
The fiery plasma hits the slime creature!!!
You kill the slime creature!
Makhleb accepts your kill.
You feel better.
The slime creature completely misses you.
An arcanist comes into view. It is wielding a +0 dagger.
You feel a surge of power!
The bolt of lightning hits the slime creature!!
The slime creature is almost dead.
The bolt of lightning hits the arcanist!!!
You kill the arcanist!
Makhleb accepts your kill.
You feel better.
The fiery plasma hits the slime creature!!!
You kill the slime creature!
Makhleb accepts your kill.
You feel better.
A slime creature comes into view.
A red ugly thing comes into view.
There are monsters nearby!
You feel a surge of power!
The bolt of lightning hits the red ugly thing!!!
The red ugly thing is severely wounded.
The fiery plasma misses the red ugly thing.
You feel a surge of power!
The bolt of lightning hits the slime creature!!
The slime creature is heavily wounded.
The bolt of lightning hits the red ugly thing!
The red ugly thing is almost dead.
The fiery plasma hits the slime creature!!!!
You kill the slime creature!
Makhleb accepts your kill.
You feel better.
The fiery plasma hits the red ugly thing!!!
The red ugly thing resists.
You kill the red ugly thing!
Makhleb accepts your kill.
A sphinx comes into view.
You feel a surge of power!
The bolt of lightning hits the sphinx!!!
The sphinx is severely wounded.
The fiery plasma hits the sphinx!!!
You kill the sphinx!
Makhleb accepts your kill.
You feel better.
A white ugly thing comes into view.
You feel a surge of power!
The bolt of lightning hits the white ugly thing!!!
The white ugly thing is almost dead.
The fiery plasma hits the white ugly thing!!!
You kill the white ugly thing!
Makhleb accepts your kill.
You feel better.
There is an open door here.
Found a stone staircase leading down.
Things that are here:
a +0 dagger; a +0 robe; a sphinx corpse You can't see any susceptible monsters within range! (Use Z to cast anyway.)
There is an open door here.
You now have 2177 gold pieces (gained 17).
You reach down and open the door.
Found an escape hatch in the floor.
Found a plate armour.
There is an open door here.
There is an open door here.
You reach down and open the door.
A peacekeeper and 2 war gargoyles come into view.
A war gargoyle is wielding a +1 flail of protection.
A war gargoyle is wielding a +4 flail of protection.
The peacekeeper roars!
The peacekeeper roars a battlecry!
The war gargoyles go into a battle-frenzy!
You feel a surge of power!
The bolt of lightning hits the war gargoyle!!
The war gargoyle resists.
The war gargoyle is moderately damaged.
The bolt of lightning hits the war gargoyle.
The war gargoyle resists.
The war gargoyle is lightly damaged.
The fiery plasma hits the war gargoyle!!
The war gargoyle resists.
The war gargoyle is almost destroyed.
The fiery plasma hits the war gargoyle!!
The war gargoyle resists.
The war gargoyle is heavily damaged.
The war gargoyle closely misses you.
You feel a surge of power!
The bolt of lightning hits the war gargoyle!
The war gargoyle resists.
You destroy the war gargoyle!
Makhleb accepts your kill.
You feel better.
The bolt of lightning hits the war gargoyle!
The war gargoyle resists.
The war gargoyle is severely damaged.
The fiery plasma hits the war gargoyle but does no damage.
The war gargoyle is severely damaged.
Your Shields skill increases to level 17!
You feel a surge of power!
The bolt of lightning hits the peacekeeper.
The peacekeeper resists.
The peacekeeper is lightly damaged.
The fiery plasma hits the peacekeeper!
The peacekeeper resists.
The peacekeeper is moderately damaged.
You feel a surge of power!
The bolt of lightning hits the peacekeeper!
The peacekeeper resists.
The peacekeeper is heavily damaged.
The fiery plasma hits the peacekeeper!!!
The peacekeeper resists.
You destroy the peacekeeper!
Makhleb accepts your kill.
You feel better.
You can't see any susceptible monsters within range! (Use Z to cast anyway.)
A war gargoyle is nearby!
A war gargoyle is nearby!
A war gargoyle is nearby!
You feel a surge of power!
The bolt of lightning hits the war gargoyle!!
The war gargoyle resists.
You destroy the war gargoyle!
Makhleb accepts your kill.
You feel better.
You can't see any susceptible monsters within range! (Use Z to cast anyway.) Unknown command.
Unknown command.
Unknown command.
Unknown command.
Unknown command.
Unknown command.
Unknown command.
Unknown command.
Unknown command.
Unknown command.
Unknown command.
There is an open door here.
You see here a +1 flail of protection.
You see here a +4 flail of protection.
You reach down and open the door.
There is an open door here.
There is an open door here.
You reach down and open the door.
There is an open door here.
e - 7 scrolls of vulnerability (gained 2)
You now have 2216 gold pieces (gained 39).
G - 6 potions of lignification (gained 1) As you open the large door, it creaks loudly!
There is a large open door here.
You reach down and open the door.
There is an open door here.
You reach down and open the door.
Found a war axe.
There is an open door here.
You now have 2245 gold pieces (gained 29).
You reach down and open the door.
There is an open door here.
There is an open door here.
There is an open door here.
You reach down and open the door.
There is an open door here.
There is an open door here.
There is an open door here.
There is an open door here.
You see here a +0 war axe.
There is an open door here.
There is an open door here.
You reach down and open the door.
There is an open door here.
There is an open door here.
There is an open door here.
There is an open door here.
Key pressed, stopping explore.
There is an open door here.
There is a large open door here.
There is an open door here.
An ironbound convoker comes into view. It is wielding a +0 flail.
You feel a surge of power!
The bolt of lightning misses the ironbound convoker.
The fiery plasma hits the ironbound convoker!!!
You kill the ironbound convoker!
Makhleb accepts your kill.
You feel better.
Your Polearms skill increases to level 11!
There is an open door here.
There is a large open door here.
Things that are here:
a +0 great mace; a +0 leather armour You see here a sphinx skeleton.
Things that are here:
a +0 morningstar; a +0 ring mail; a human skeleton
Things that are here:
a +1 heavy dire flail; a +0 ring mail
Found a ring mail.
There is an open door here.
You reach down and open the door.
A vault guard, a vault sentinel and 2 slime creatures come into view.
The vault sentinel is wielding a +1 long sword of holy wrath.
The vault sentinel shouts!
The slime creature quivers.
You hear a shout!
An ironbound convoker comes into view.
It is wielding a +0 great mace of holy wrath.
A vault warden comes into view. It is wielding a +1 great mace.
You hear a shout!
Found a masterwork robe.
There are monsters nearby!
You feel a surge of power!
The bolt of lightning hits the slime creature.
The slime creature is lightly wounded.
The bolt of lightning hits the vault sentinel!!
The vault sentinel is severely wounded.
The bolt of lightning misses the vault guard.
The bolt of lightning hits the vault warden but does no damage.
The fiery plasma hits the slime creature!!!
The slime creature is almost dead.
The fiery plasma hits the vault sentinel!!
You kill the vault sentinel!
Makhleb accepts your kill.
You feel better.
The fiery plasma misses the vault guard.
The fiery plasma misses the vault warden.
The slime creature quivers.
The ironbound convoker shouts!
You feel a surge of power!
The bolt of lightning hits the slime creature!!!
You kill the slime creature!
Makhleb accepts your kill.
You feel better.
The bolt of lightning misses the vault warden.
The fiery plasma hits the vault warden!
The vault warden is lightly wounded.
You hear a shout!
An ironbound convoker comes into view.
It is wielding a +1 dire flail of protection.
You feel a surge of power!
The bolt of lightning hits the vault guard but does no damage.
The bolt of lightning hits the ironbound convoker!
The ironbound convoker is lightly wounded.
The bolt of lightning hits the ironbound convoker!
The ironbound convoker is moderately wounded.
The fiery plasma hits the vault guard!!
The vault guard is heavily wounded.
The fiery plasma hits the ironbound convoker!!!
You kill the ironbound convoker!
Makhleb accepts your kill.
You feel better.
The fiery plasma hits the ironbound convoker!!!
You kill the ironbound convoker!
Makhleb accepts your kill.
A vault guard comes into view. It is wielding a +2 great mace.
A slime creature comes into view.
You feel a surge of power!
The bolt of lightning misses the vault guard.
The bolt of lightning hits the vault warden!!
The vault warden is heavily wounded.
The fiery plasma hits the vault guard!!!
You kill the vault guard!
Makhleb accepts your kill.
You feel better.
The fiery plasma hits the vault warden!!
The vault warden is severely wounded.
A slime creature comes into view.
An ironbound preserver comes into view. It is wielding a +0 dire flail.
You feel a surge of power!
The bolt of lightning hits the slime creature!
The slime creature is lightly wounded.
The bolt of lightning hits the slime creature!
The slime creature is moderately wounded.
The bolt of lightning hits the ironbound preserver!!!
The ironbound preserver is moderately wounded.
The fiery plasma hits the slime creature.
The slime creature is moderately wounded.
The fiery plasma hits the slime creature!!!
You kill the slime creature!
Makhleb accepts your kill.
You feel better.
The fiery plasma hits the ironbound preserver!!
The ironbound preserver is heavily wounded.
Two slime creatures merge to form a large slime creature.
You feel a surge of power!
The bolt of lightning hits the large slime creature!
The large slime creature is moderately wounded.
The bolt of lightning hits the vault guard!
The vault guard is moderately wounded.
The bolt of lightning misses the ironbound preserver.
The fiery plasma hits the large slime creature.
The large slime creature is moderately wounded.
The fiery plasma hits the vault guard!!!
The vault guard is almost dead.
The fiery plasma hits the ironbound preserver!!!!
You kill the ironbound preserver!
Makhleb accepts your kill.
You feel better.
You feel a surge of power!
The bolt of lightning hits the large slime creature!!!
The large slime creature is severely wounded.
The bolt of lightning hits the vault guard!!
You kill the vault guard!
Makhleb accepts your kill.
You feel better.
The fiery plasma hits the large slime creature!!!
You kill the large slime creature!
Makhleb accepts your kill.
You feel a surge of power!
The bolt of lightning misses the vault warden.
The fiery plasma hits the vault warden!!
The vault warden is almost dead.
You feel a surge of power!
The bolt of lightning hits the vault warden!!!
You kill the vault warden!
Makhleb accepts your kill.
You feel better.
There is an open door here.
Items here: )) [[ ††.
Things that are here:
a +1 long sword of holy wrath; a +0 scale mail
Things that are here:
a +2 great mace; a +0 chain mail; a human corpse
Things that are here:
a +0 great mace of holy wrath; a +0 ring mail; a human corpse
Okay, then.
Things that are here:
a +0 dire flail; a +0 ring mail
Things that are here:
a +1 dire flail of protection; a +0 scale mail; a human corpse You reach down and open the door.
There is an open door here.
There is an open door here.
There is an open door here.
You reach down and open the large door.
There is a large open door here.
You now have 2258 gold pieces (gained 13).
As you open the door, it creaks loudly!
Found a stone staircase leading down.
There is an open door here.
You reach down and open the door.
Found an escape hatch in the ceiling.
There is an open door here.
Search for what [Enter for "art", or ? for help]? dig Can't find anything matching that.
Unknown command.
There is an open door here.
There is an open door here.
There is a large open door here.
There is an open door here.
Items here: )) [ ÷.
There is an open door here.
Things that are here:
a +0 dire flail; a +0 animal skin
There is an open door here.
There is an open door here.
You see here a shadow dragon skeleton.
The slime creature quivers.
Things that are here:
a +0 heavy great mace; a +0 dire flail; an ettin skeleton
There is an open door here.
L - a lightning rod (4/4)
You now have 2268 gold pieces (gained 10).
You now have 2279 gold pieces (gained 11).
a - 8 scrolls of noise (gained 1)
q - 5 potions of heal wounds (gained 1)
There is an open door here.
Things that are here:
a +0 heavy great mace; a +0 dire flail; an ettin skeleton The slime creature quivers.
There is an open door here.
You see here a shadow dragon skeleton.
There is an open door here.
There is an open door here.
Things that are here:
a +0 dire flail; a +0 animal skin
Things that are here:
a +0 morningstar; a +0 scale mail; a human skeleton
Found a scale mail.
Found a war axe.
There is an open door here.
K - 8 potions of mutation (gained 1)
You see here a +0 war axe.
Found a robe.
Found a book of the Earth.
There is an open door here.
Done exploring.
Done exploring.
Done exploring.
Okay, then.
Okay, then.
Okay, then.
You need no library to learn spells.
You see here a +0 scale mail.
An ironbound frostheart comes into view.
You feel a surge of power!
The bolt of lightning hits the ironbound frostheart!!
The ironbound frostheart is moderately wounded.
The ironbound frostheart shouts!
The fiery plasma hits the ironbound frostheart.
The ironbound frostheart is moderately wounded.
You hear a shout!
You feel a surge of power!
The bolt of lightning hits the ironbound frostheart!!!
You kill the ironbound frostheart!
Makhleb accepts your kill.
You feel better.
Things that are here:
a +0 long sword; a +2 arbalest of freezing You see here a +0 scale mail.
There is an open door here.
There is a stone staircase leading down here.
You fly downwards.
The vault guard shouts! x18; You hear a shout!
Found three escape hatches in the ceiling.
Found two stone staircases leading up.
There is a stone staircase leading up here.
As you read the scroll of immolation, it crumbles to dust.
The creatures around you are filled with an inner flame!
The vault guard shouts! x2
The dread lich mumbles some strange words.
You hear a shout! x2
You feel a surge of power!
The bolt of lightning hits the vault guard!!!
Flame seeps out of the vault guard.
The vault guard is severely wounded.
The bolt of lightning hits the vault guard!!!
Flame seeps out of the vault guard.
The vault guard is severely wounded.
The fiery plasma hits the vault guard!!!
Makhleb accepts your kill.
You feel better.
The fiery plasma hits the vault guard!!!
Makhleb accepts your kill.
The vault guard explodes!
The fiery explosion engulfs the vault guard!!!
Flame seeps out of the vault guard.
The vault guard is heavily wounded.
The fiery explosion engulfs the vault guard.
Flame seeps out of the vault guard.
The vault guard is lightly wounded.
The vault guard explodes!
The fiery explosion engulfs the vault guard!!
Flame seeps out of the vault guard.
The vault guard is almost dead.
The fiery explosion engulfs the vault guard!!!
Flame seeps out of the vault guard.
The vault guard is severely wounded.
The fiery explosion engulfs the vault guard!
Flame seeps out of the vault guard.
The vault guard is moderately wounded.
You hear a shout! x8
The dread lich gestures wildly while chanting.
The vault guard is engulfed in blazing flames.
Flame seeps out of the vault guard.
The vault guard hits you with a +0 dire flail.
The vault guard hits you but does no damage.
The vault guard is engulfed in blazing flames.
Flame seeps out of the vault guard.
You block the vault guard's attack. x3
You feel a surge of power!
The bolt of lightning hits the vault guard!!!
Flame seeps out of the vault guard.
The vault guard is heavily wounded.
The bolt of lightning hits the hell beast!
The hell beast is lightly wounded.
The bolt of lightning hits the dread lich!
The dread lich resists.
The dread lich is lightly damaged.
The fiery plasma misses the vault guard.
The fiery plasma hits the hell beast!
The hell beast is moderately wounded.
The fiery plasma hits the dread lich!
The dread lich resists.
The dread lich is lightly damaged.
You hear a shout! x5
You block the vault guard's attack.
The vault guard is engulfed in blazing flames.
Flame seeps out of the vault guard.
The vault guard misses you.
The vault guard is engulfed in blazing flames.
Flame seeps out of the vault guard.
A vault sentinel comes into view. It is wielding a +0 falchion.
You block the vault guard's attack. x2; The vault guard barely misses you.
The vault guard completely misses you. The vault guard closely misses you.
A lich comes into view.
A stone giant comes into view.
The vault guard hits you with a +0 long sword!
You feel a surge of power!
The bolt of lightning hits the vault guard!
Flame seeps out of the vault guard.
The vault guard is moderately wounded.
The bolt of lightning misses the vault guard.
The bolt of lightning hits the vault sentinel!
The vault sentinel is moderately wounded.
The fiery plasma hits the vault guard.
Flame seeps out of the vault guard.
The vault guard is moderately wounded.
The fiery plasma misses the vault guard.
The fiery plasma hits the vault sentinel.
The vault sentinel is moderately wounded.
You hear a deafening roar!
You hear a shout!
You block the vault guard's attack.
The vault guard is engulfed in blazing flames.
Flame seeps out of the vault guard.
The vault guard barely misses you.
The vault guard hits you with a +3 great sword!
You block the vault guard's attack.
The vault guard is engulfed in blazing flames.
Flame seeps out of the vault guard.
The lich mumbles some strange words.
The lich seems to speed up.
The vault guard hits you with a +0 long sword!
You block the vault guard's attack.
The vault guard is engulfed in blazing flames.
Flame seeps out of the vault guard.
The vault guard hits you with a +0 great mace.
The vault guard completely misses you. x2
Casting: Plasma Beam (safe; 1% risk of failure)
Confirm with . or Enter, or press ? or * to list all spells.
Casting: Flame Wave (safe; 0% risk of failure)
Press: ? - help, Dir - look around, f - activate You feel a surge of power!
A wave of flame ripples out!
The flame wave engulfs the vault guard!
Flame seeps out of the vault guard.
The vault guard is lightly wounded.
The flame wave engulfs the vault guard but does no damage.
The flame wave engulfs the vault guard!!
Flame seeps out of the vault guard.
The vault guard is heavily wounded.
The flame wave engulfs the vault guard.
Flame seeps out of the vault guard.
The vault guard is lightly wounded.
The flame wave engulfs the vault guard!!
Flame seeps out of the vault guard.
The vault guard is moderately wounded.
The flame wave engulfs the Hell Sentinel but does no damage.
The flame wave engulfs the vault guard!
Flame seeps out of the vault guard.
The vault guard is severely wounded.
The flame wave engulfs the vault guard.
Flame seeps out of the vault guard.
The vault guard is almost dead. (Press . to intensify the flame waves.)
The vault guard is engulfed in blazing flames.
Flame seeps out of the vault guard.
You block the vault guard's attack.
The vault guard hits you with a +0 great mace.
The vault guard is engulfed in blazing flames.
Flame seeps out of the vault guard.
The vault guard hits you with a +3 great sword!
The vault guard is engulfed in blazing flames.
Makhleb accepts your kill.
You feel better.
The vault guard explodes!
The fiery explosion engulfs the vault guard!!
Flame seeps out of the vault guard.
The vault guard is heavily wounded.
The fiery explosion engulfs the vault guard!!
Flame seeps out of the vault guard.
The vault guard is moderately wounded.
The fiery explosion engulfs the vault guard!!
Flame seeps out of the vault guard.
The vault guard is heavily wounded.
A stone giant comes into view.
The vault guard is engulfed in blazing flames.
Flame seeps out of the vault guard.
The vault guard completely misses you.
The vault guard is engulfed in blazing flames.
Flame seeps out of the vault guard.
The vault guard completely misses you.
The vault guard is engulfed in blazing flames.
Flame seeps out of the vault guard.
The vault guard is engulfed in blazing flames.
Flame seeps out of the vault guard.
The vault guard hits you from afar with a +3 glaive of flaming!!
The vault guard burns you.
The vault guard hits you from afar with a +0 bardiche.
* * * LOW HITPOINT WARNING * * *
The Hell Sentinel hits you!!
* * * LOW HITPOINT WARNING * * *
The Hell Sentinel misses you.
The vault guard is engulfed in blazing flames.
Flame seeps out of the vault guard.
The vault guard closely misses you.
The vault guard is engulfed in blazing flames.
Flame seeps out of the vault guard.
You block the vault guard's attack. x2
The vault guard hits you from afar with a +0 bardiche!
* * * LOW HITPOINT WARNING * * *
The dread lich mumbles some strange words.
You block the vault guard's attack.
The vault guard is engulfed in blazing flames.
Flame seeps out of the vault guard.
You block the vault guard's attack. x2
The Hell Sentinel hits you.
* * * LOW HITPOINT WARNING * * *
The Hell Sentinel completely misses you.
The vault guard is engulfed in blazing flames.
Flame seeps out of the vault guard.
The vault guard hits you with a +0 great sword!
* * * LOW HITPOINT WARNING * * *
The vault sentinel blows a loud note on a signal horn!
The vault guard is engulfed in blazing flames.
Flame seeps out of the vault guard.
The vault guard hits you from afar with a +1 glaive!!
* * * LOW HITPOINT WARNING * * *
The vault guard is engulfed in blazing flames.
Flame seeps out of the vault guard.
The vault guard misses you.
The vault guard is engulfed in blazing flames.
Flame seeps out of the vault guard.
The vault guard is engulfed in blazing flames.
Flame seeps out of the vault guard.
The vault guard hits you with a +2 heavy war axe!
You die...

.. #....# #...
...#....##...
...#....#p..
.C.........
##.....p..#####
.....pppp......
.§§§§pppp......
.§)§§pp@pp.2...
.§§§§pp1pp.....
##....pppL#####
.......p2C.#
...#.L..#.#.#
.. #....##.#.#
. #....# #.##
#....# ##


You could see a Hell Sentinel (summoned), a dread lich, 2 stone giants, 2 hell
beasts, a lich (fast), 21 vault guards and a vault sentinel (catching breath).

Vanquished Creatures
  Mara (Shoals:3)
  Bai Suzhen (Shoals:4)
  Nikola (Spider:1)
  Rupert (Lair:4)
  Mlioglotl (Shoals:4)
  Zenata (Vaults:3)
  2 krakens (Shoals:1)
  8 sphinxes
  Donald (Shoals:1)
  A shadow dragon (Vaults:4)
  3 ghost moths (Spider:4)
  A frost giant (Shoals:4)
  10 vault wardens
  2 imperial myrmidons (Desolation)
  Louise (Shoals:4)
  7 emperor scorpions
  2 orc warlords
  22 ironbound preservers
  7 ironbound thunderhulks
  A vampire knight (Vaults:2)
  A halazid warlock (Desolation)
  4 war gargoyles
  11 dire elephants
  An eidolon (Vaults:2)
  3 merfolk javelineers (Shoals:4)
  41 slime creatures
  5 entropy weavers
  An ettin (Vaults:4)
  11 yaktaur captains
  Harold (D:11)
  4 merfolk impalers (Shoals:4)
  3 ragged hierophants (Desolation)
  2 servants of whispers (Desolation)
  An ice dragon (shapeshifter) (Vaults:1)
  A rakshasa (D:15)
  7 hydras
  11 vault guards
  6 great orbs of eyes
  7 ironbound frosthearts
  7 peacekeepers
  3 radroaches
  3 alligator snapping turtles
  5 ogre magi
  3 satyrs
  Erica (D:9)
  6 boulder beetles
  5 merfolk avatars
  18 centaur warriors
  3 jorogumos
  4 merfolk aquamancers
  13 two-headed ogres
  3 orc high priests (Orc:2)
  A vampire mage (Vaults:2)
  An occultist (D:15)
  7 demonic crawlers
  4 skysharks
  A sixfirhy (Lair:5)
  A flayed ghost (D:12)
  15 sea snakes
  3 pharaoh ants (Spider:2)
  An elf zombie (Vaults:3)
  49 deep trolls
  7 arcanists
  13 orb spiders
  A deep elf archer (D:14)
  5 lindwurms
  5 steelbarb worms
  A phantasmal warrior (Vaults:1)
  22 harpies
  19 ironbound convokers
  A steelbarb worm (shapeshifter) (Vaults:2)
  14 orc knights
  6 deep elf pyromancers
  6 necromancers
  Pikel (D:5)
  5 orc sorcerers
  6 cyclopes
  4 deep elf zephyrmancers
  19 wolf spiders
  23 ugly things
  7 fauns (Shoals:3)
  5 moths of wrath
  12 elephants
  An oklob plant (Lair:5)
  3 black mambas
  17 manticores
  3 meliai (Spider:2)
  6 merfolk sirens
  4 kobold blastminers (Orc:2)
  Joseph (D:9)
  A smoke demon (Lair:5)
  21 vault sentinels
  A fire giant skeleton (Vaults:3)
  2 human skeletons (Vaults:3)
  4 guardian serpents (Desolation)
  2 orange demons (Lair:5)
  6 unseen horrors
  5 torpor snails
  12 cane toads
  An elf skeleton (Vaults:3)
  Jeremiah (D:6)
  7 rime drakes
  A centaur skeleton (D:15)
  6 water nymphs
  3 kobold demonologists
  An unseen horror (shapeshifter) (D:14)
  2 gargoyles
  11 komodo dragons
  A freezing wraith (D:14)
  4 tengu conjurers
  4 efreet
  25 yaktaurs
  2 red devils (Lair:5)
  Psyche (D:11)
  26 merfolk
  7 trolls
  Grinder (D:3)
  27 saltlings (Desolation)
  8 blink frogs
  A shadow dragon simulacrum (Vaults:3)
  5 polar bears
  27 tarantellas
  9 hornets
  A harpy skeleton (D:15)
  18 dream sheep
  6 snapping turtles
  A meliai zombie (D:15)
  A frost giant simulacrum (Vaults:1)
  A stone giant simulacrum (Vaults:3)
  8 wind drakes
  32 jumping spiders
  A fire giant simulacrum (Vaults:1)
  A slime creature (shapeshifter) (D:15)
  16 culicivoras
  10 water elementals
  A shadow (D:9)
  2 vampires
  Sigmund (D:5)
  A wraith (D:12)
  34 yaks
  5 wyverns
  A yak (shapeshifter) (D:15)
  8 vampire mosquitoes
  A basilisk (shapeshifter) (D:13)
  4 death yak simulacra (Lair:5)
  6 basilisks
  3 wargs
  89 redbacks
  2 steam dragons
  A harpy simulacrum (D:15)
  4 acid dragons
  29 water moccasins
  2 hydra simulacra (Lair:5)
  A glowing shapeshifter skeleton (Vaults:3)
  Duvessa (D:6)
  An ogre skeleton (Vaults:3)
  22 orc warriors
  A swamp drake (Orc:2)
  A hornet zombie (D:15)
  4 ice beasts
  9 ogres
  4 wolves (Lair:5)
  7 boggarts
  6 centaurs
  A phantom (D:6)
  3 lemures (D:5)
  7 kobold brigands
  8 bullfrogs
  7 scorpions
  A water moccasin zombie (D:4)
  3 wights
  Dowan (D:6)
  9 killer bees (D:8)
  A howler monkey (D:7)
  4 electric eels
  A crimson imp (Orc:2)
  3 bombardier beetles
  5 hounds
  An iron imp (Orc:2)
  4 jellies
  18 orc priests
  A gnoll bouda (D:3)
  A sleepcap (D:5)
  Natasha (D:3)
  2 iguanas
  Terence (D:3)
  26 orc wizards
  5 hell rats (Lair:5)
  2 scorpion zombies (D:4)
  A hound zombie (D:4)
  5 gnolls
  9 adders
  2 shadow imps
  5 white imps
  An ufetubus (Vaults:4)
  An adder zombie (D:4)
  2 dart slugs
  A ribbon worm (D:5)
  68 orcs
  6 bats
  15 endoplasms
  5 giant cockroaches
  7 goblins
  10 hobgoblins
  3 jackals (D:1)
  4 quokkas
  6 ball pythons
  4 frilled lizards
  23 kobolds
  7 rats
  3 foxfires (D:12)
  7 tentacles (Shoals:1)
1462 creatures vanquished.

Vanquished Creatures (collateral kills)
  2 imperial myrmidons (Desolation)
  2 crystal guardians
  A fire dragon (D:15)
  A ragged hierophant (Desolation)
  5 servants of whispers (Desolation)
  4 peacekeepers (Desolation)
  An orb spider (Spider:4)
  An ugly thing (Vaults:2)
  A molten gargoyle (Desolation)
  3 guardian serpents (Desolation)
  2 orange demons (Lair:5)
  A yaktaur (Vaults:2)
  38 saltlings (Desolation)
  A tarantella (Spider:2)
  A jumping spider (Spider:2)
  A redback (Spider:2)
  3 hell hounds (Lair:5)
  15 foxfires
83 creatures vanquished.

Vanquished Creatures (others)
  A deep elf pyromancer (Elf:1)
  A troll (D:14)
  3478 foxfires
  17 tentacles (Shoals:1)
3497 creatures vanquished.

Grand Total: 5042 creatures vanquished

Notes
Turn   | Place    | Note
-------+----------+-------------------------------------------
     0 | D:1      | sleeves the Djinni Fire Elementalist began the quest for
                  | the Orb.
     0 | D:1      | sleeves set off with the following spells memorised:
                  | Foxfire, Scorch, Volatile Blastmotes, Inner Flame, Flame
                  | Wave.
     0 | D:1      | Reached XP level 1. HP: 15/15 MP: 0/0
   134 | D:1      | Reached XP level 2. HP: 11/21 MP: 0/0
   332 | D:1      | Reached XP level 3. HP: 17/25 MP: 0/0
   332 | D:1      | Learned a level 1 spell: Slow
   424 | D:1      | Reached skill level 4 in Spellcasting
   424 | D:1      | Reached skill level 4 in Conjurations
   424 | D:1      | Reached skill level 4 in Hexes
   424 | D:1      | Reached skill level 4 in Summonings
   424 | D:1      | Reached skill level 4 in Necromancy
   424 | D:1      | Reached skill level 4 in Translocations
   424 | D:1      | Reached skill level 4 in Fire Magic
   424 | D:1      | Reached skill level 4 in Ice Magic
   424 | D:1      | Reached skill level 4 in Air Magic
   424 | D:1      | Reached skill level 4 in Earth Magic
   424 | D:1      | Reached skill level 4 in Alchemy
   711 | D:2      | Found a faded altar of an unknown god.
   916 | D:2      | Reached XP level 4. HP: 31/31 MP: 0/0
  1388 | D:3      | Noticed Terence
  1444 | D:3      | Noticed Natasha
  1448 | D:3      | Killed Natasha
  1493 | D:3      | Found Ametigg's General Store.
  1503 | D:3      | Bought a scroll of identify for 22 gold pieces
  1503 | D:3      | Bought a scroll of teleportation for 33 gold pieces
  1503 | D:3      | Bought a potion of curing for 33 gold pieces
  1682 | D:3      | Reached XP level 5. HP: 33/35 MP: 0/0
  1682 | D:3      | Learned a level 2 spell: Blink
  1692 | D:3      | Noticed Grinder
  1813 | D:3      | Found Guvvikoe's Weapon Boutique.
  1827 | D:3      | Killed Terence
  1929 | D:3      | Killed Grinder
  1930 | D:3      | Reached skill level 5 in Spellcasting
  1930 | D:3      | Reached skill level 5 in Conjurations
  1930 | D:3      | Reached skill level 5 in Hexes
  1930 | D:3      | Reached skill level 5 in Summonings
  1930 | D:3      | Reached skill level 5 in Necromancy
  1930 | D:3      | Reached skill level 5 in Translocations
  1930 | D:3      | Reached skill level 5 in Fire Magic
  1930 | D:3      | Reached skill level 5 in Ice Magic
  1930 | D:3      | Reached skill level 5 in Air Magic
  1930 | D:3      | Reached skill level 5 in Earth Magic
  1930 | D:3      | Reached skill level 5 in Alchemy
  1930 | D:3      | Reached XP level 6. HP: 24/40 MP: 0/0
  2072 | D:3      | Reached skill level 6 in Spellcasting
  2072 | D:3      | Reached skill level 6 in Conjurations
  2072 | D:3      | Reached skill level 6 in Hexes
  2072 | D:3      | Reached skill level 6 in Summonings
  2072 | D:3      | Reached skill level 6 in Necromancy
  2072 | D:3      | Reached skill level 6 in Translocations
  2072 | D:3      | Reached skill level 6 in Fire Magic
  2072 | D:3      | Reached skill level 6 in Ice Magic
  2072 | D:3      | Reached skill level 6 in Air Magic
  2072 | D:3      | Reached skill level 6 in Earth Magic
  2072 | D:3      | Reached skill level 6 in Alchemy
  2110 | D:3      | Reached XP level 7. HP: 40/45 MP: 0/0
  2110 | D:3      | Learned a level 3 spell: Mephitic Cloud
  3116 | D:4      | Reached skill level 1 in Shields
  3209 | D:4      | Found a basalt altar of Yredelemnul.
  3215 | D:4      | Reached skill level 7 in Spellcasting
  3215 | D:4      | Reached skill level 7 in Conjurations
  3215 | D:4      | Reached skill level 7 in Hexes
  3215 | D:4      | Reached skill level 7 in Summonings
  3215 | D:4      | Reached skill level 7 in Necromancy
  3215 | D:4      | Reached skill level 7 in Translocations
  3215 | D:4      | Reached skill level 7 in Fire Magic
  3215 | D:4      | Reached skill level 7 in Ice Magic
  3215 | D:4      | Reached skill level 7 in Air Magic
  3215 | D:4      | Reached skill level 7 in Earth Magic
  3215 | D:4      | Reached skill level 7 in Alchemy
  3215 | D:4      | Reached XP level 8. HP: 47/50 MP: 0/0
  3239 | D:4      | Reached skill level 2 in Shields
  3433 | D:5      | Entered Level 5 of the Dungeon
  3452 | D:5      | Noticed Sigmund
  3461 | D:5      | Killed Sigmund
  3462 | D:5      | Reached skill level 3 in Shields
  3672 | D:5      | Noticed Pikel
  3830 | D:5      | Reached skill level 4 in Shields
  4175 | D:5      | Killed Pikel
  4176 | D:5      | Reached skill level 5 in Shields
  4176 | D:5      | Reached skill level 8 in Spellcasting
  4176 | D:5      | Reached skill level 8 in Conjurations
  4176 | D:5      | Reached skill level 8 in Hexes
  4176 | D:5      | Reached skill level 8 in Summonings
  4176 | D:5      | Reached skill level 8 in Necromancy
  4176 | D:5      | Reached skill level 8 in Translocations
  4176 | D:5      | Reached skill level 8 in Fire Magic
  4176 | D:5      | Reached skill level 8 in Ice Magic
  4176 | D:5      | Reached skill level 8 in Air Magic
  4176 | D:5      | Reached skill level 8 in Earth Magic
  4176 | D:5      | Reached skill level 8 in Alchemy
  4176 | D:5      | Reached XP level 9. HP: 35/55 MP: 0/0
  4176 | D:5      | Learned a level 4 spell: Cause Fear
  4398 | D:6      | Found a staircase to the Ecumenical Temple.
  4411 | D:6      | Noticed Jeremiah
  4497 | D:6      | Killed Jeremiah
  4518 | Temple   | Entered the Ecumenical Temple
  4540 | Temple   | Became a worshipper of Makhleb the Destroyer
  4659 | D:6      | Reached skill level 9 in Spellcasting
  4659 | D:6      | Reached skill level 9 in Conjurations
  4659 | D:6      | Reached skill level 9 in Hexes
  4659 | D:6      | Reached skill level 9 in Summonings
  4659 | D:6      | Reached skill level 9 in Necromancy
  4659 | D:6      | Reached skill level 9 in Translocations
  4659 | D:6      | Reached skill level 9 in Fire Magic
  4659 | D:6      | Reached skill level 9 in Ice Magic
  4659 | D:6      | Reached skill level 9 in Air Magic
  4659 | D:6      | Reached skill level 9 in Earth Magic
  4659 | D:6      | Reached skill level 9 in Alchemy
  4686 | D:6      | Noticed Dowan
  4760 | D:6      | Noticed Duvessa
  4797 | D:6      | Killed Duvessa
  4802 | D:6      | Killed Dowan
  5690 | D:6      | Reached XP level 10. HP: 42/60 MP: 0/0
  5886 | D:7      | Reached skill level 10 in Spellcasting
  5886 | D:7      | Reached skill level 10 in Conjurations
  5886 | D:7      | Reached skill level 10 in Hexes
  5886 | D:7      | Reached skill level 10 in Summonings
  5886 | D:7      | Reached skill level 10 in Necromancy
  5886 | D:7      | Reached skill level 10 in Translocations
  5886 | D:7      | Reached skill level 10 in Fire Magic
  5886 | D:7      | Reached skill level 10 in Ice Magic
  5886 | D:7      | Reached skill level 10 in Air Magic
  5886 | D:7      | Reached skill level 10 in Earth Magic
  5886 | D:7      | Reached skill level 10 in Alchemy
  5992 | D:7      | Reached * piety under Makhleb
  6034 | D:7      | HP: 29/60 [electric eel/bolt of electricity (12)]
  6262 | D:7      | Found an opulent altar of Gozag.
  6267 | D:7      | Found Gozag's Platinum Reserve.
  6415 | D:7      | Found a shadowy altar of Dithmenos.
  6420 | D:7      | Identified the +6 whip of the Shallot {flame, Str+5 Int+5}
  6499 | D:7      | HP: 30/60 [ice beast (15)]
  6500 | D:7      | HP: 13/60 [ice beast (12)]
  6822 | D:7      | Reached skill level 11 in Spellcasting
  6822 | D:7      | Reached skill level 11 in Conjurations
  6822 | D:7      | Reached skill level 11 in Hexes
  6822 | D:7      | Reached skill level 11 in Summonings
  6822 | D:7      | Reached skill level 11 in Necromancy
  6822 | D:7      | Reached skill level 11 in Translocations
  6822 | D:7      | Reached skill level 11 in Fire Magic
  6822 | D:7      | Reached skill level 11 in Ice Magic
  6822 | D:7      | Reached skill level 11 in Air Magic
  6822 | D:7      | Reached skill level 11 in Earth Magic
  6822 | D:7      | Reached skill level 11 in Alchemy
  7653 | D:8      | Reached ** piety under Makhleb
  8400 | D:9      | Noticed Joseph
  8476 | D:9      | Reached skill level 12 in Spellcasting
  8476 | D:9      | Reached skill level 12 in Conjurations
  8476 | D:9      | Reached skill level 12 in Hexes
  8476 | D:9      | Reached skill level 12 in Summonings
  8476 | D:9      | Reached skill level 12 in Necromancy
  8476 | D:9      | Reached skill level 12 in Translocations
  8476 | D:9      | Reached skill level 12 in Fire Magic
  8476 | D:9      | Reached skill level 12 in Ice Magic
  8476 | D:9      | Reached skill level 12 in Air Magic
  8476 | D:9      | Reached skill level 12 in Earth Magic
  8476 | D:9      | Reached skill level 12 in Alchemy
  8476 | D:9      | Reached XP level 11. HP: 48/65 MP: 0/0
  8476 | D:9      | Learned a level 4 spell: Animate Armour
  8757 | D:9      | HP: 23/65 [Joseph/+0 quarterstaff (15)]
  9125 | D:9      | Noticed Erica
  9141 | D:9      | Noticed a two-headed ogre
  9147 | D:9      | Reached skill level 1 in Fighting
  9160 | D:9      | Killed a two-headed ogre
  9161 | D:9      | Reached skill level 2 in Fighting
  9161 | D:9      | Reached skill level 3 in Dodging
  9163 | D:9      | Killed Joseph
  9211 | D:9      | Killed Erica
  9212 | D:9      | Reached skill level 3 in Fighting
  9212 | D:9      | Reached skill level 4 in Dodging
  9424 | D:10     | Entered Level 10 of the Dungeon
  9479 | D:10     | Reached *** piety under Makhleb
  9499 | D:10     | Reached skill level 5 in Dodging
  9597 | D:10     | Reached skill level 4 in Fighting
  9736 | D:10     | Found a staircase to the Lair.
  9757 | D:10     | Found a runed translucent door.
  9757 | D:10     | Noticed baller8008's ghost (journeyman DjHW)
  9760 | D:10     | Noticed a spriggan rider
 10204 | D:10     | Found a glowing silver altar of Zin.
 10458 | D:10     | Noticed a two-headed ogre
 10472 | D:10     | Killed a two-headed ogre
 10659 | D:10     | Identified the +9 trident "Ukacat" {chaos, Str+2}
 10690 | D:11     | Noticed Harold
 10795 | D:11     | Reached skill level 6 in Dodging
 10797 | D:11     | Noticed a two-headed ogre
 10799 | D:11     | Reached skill level 5 in Fighting
 10799 | D:11     | Reached XP level 12. HP: 63/81 MP: 0/0
 10961 | D:11     | Noticed Psyche
 10973 | D:11     | Killed Psyche
 11034 | D:11     | Found a staircase to the Orcish Mines.
 11219 | D:11     | Killed Harold
 11220 | D:11     | Reached skill level 7 in Dodging
 11225 | D:11     | Killed a two-headed ogre
 11226 | D:11     | Reached skill level 6 in Fighting
 11226 | D:11     | Reached skill level 13 in Spellcasting
 11226 | D:11     | Reached skill level 13 in Conjurations
 11226 | D:11     | Reached skill level 13 in Hexes
 11226 | D:11     | Reached skill level 13 in Summonings
 11226 | D:11     | Reached skill level 13 in Necromancy
 11226 | D:11     | Reached skill level 13 in Translocations
 11226 | D:11     | Reached skill level 13 in Fire Magic
 11226 | D:11     | Reached skill level 13 in Ice Magic
 11226 | D:11     | Reached skill level 13 in Air Magic
 11226 | D:11     | Reached skill level 13 in Earth Magic
 11226 | D:11     | Reached skill level 13 in Alchemy
 11485 | D:11     | Found a runed translucent door.
 11646 | D:11     | Found a shimmering altar of Xom.
 11646 | D:11     | Noticed osoart's ghost (journeyman CoGl)
 11646 | D:11     | Noticed a +4 mace of chaos
 11830 | D:12     | Reached **** piety under Makhleb
 12226 | D:12     | Noticed a seven-headed hydra
 12228 | D:12     | Noticed a two-headed ogre
 12229 | D:12     | Noticed an ogre mage
 12274 | D:12     | Reached skill level 8 in Dodging
 12343 | D:12     | Reached skill level 7 in Fighting
 12445 | D:12     | Noticed a two-headed ogre
 12458 | D:12     | Killed a two-headed ogre
 12489 | D:12     | Noticed a boulder beetle
 12502 | D:12     | Killed a boulder beetle
 12591 | D:12     | Noticed a two-headed ogre
 12603 | D:12     | Killed a two-headed ogre
 12705 | D:12     | Noticed a flayed ghost
 12712 | D:12     | Killed a flayed ghost
 12713 | D:12     | Reached XP level 13. HP: 58/92 MP: 0/0
 12713 | D:12     | Learned a level 5 spell: Silence
 12743 | D:12     | HP: 38/92 [orc knight/+0 great sword (18)]
 12748 | D:12     | Noticed an ogre mage
 12750 | D:12     | HP: 29/92 [efreet/fireball (7)]
 13174 | D:12     | Reached skill level 9 in Dodging
 13280 | D:12     | HP: 41/92 [boulder beetle (13)]
 13282 | D:12     | Reached skill level 8 in Fighting
 13473 | D:12     | HP: 43/92 [boulder beetle (20)]
 13847 | Lair:1   | Entered Level 1 of the Lair of Beasts
 13872 | Lair:1   | HP: 42/92 [elephant (8)]
 14900 | Lair:1   | Reached skill level 10 in Dodging
 15157 | Lair:2   | Reached skill level 9 in Fighting
 15476 | Lair:2   | Reached ***** piety under Makhleb
 15501 | Lair:2   | Reached skill level 14 in Spellcasting
 15501 | Lair:2   | Reached skill level 14 in Conjurations
 15501 | Lair:2   | Reached skill level 14 in Hexes
 15501 | Lair:2   | Reached skill level 14 in Summonings
 15501 | Lair:2   | Reached skill level 14 in Necromancy
 15501 | Lair:2   | Reached skill level 14 in Translocations
 15501 | Lair:2   | Reached skill level 14 in Fire Magic
 15501 | Lair:2   | Reached skill level 14 in Ice Magic
 15501 | Lair:2   | Reached skill level 14 in Air Magic
 15501 | Lair:2   | Reached skill level 14 in Earth Magic
 15501 | Lair:2   | Reached skill level 14 in Alchemy
 16012 | Lair:2   | Found a hole to the Spider Nest.
 16353 | Lair:3   | Noticed an eight-headed hydra
 16585 | Lair:3   | Reached skill level 11 in Dodging
 16601 | Lair:3   | Found a staircase to the Shoals.
 16661 | Lair:3   | Reached XP level 14. HP: 100/102 MP: 0/0
 16718 | Lair:3   | Reached skill level 10 in Fighting
 17520 | Lair:4   | Noticed Rupert
 17626 | Lair:4   | Killed Rupert
 17833 | Lair:4   | sleeves: !lg djfe
 17833 | Lair:4   | beem: No games for djfe.
 18002 | Lair:4   | HP: 50/103 [elephant (13)]
 18029 | Lair:4   | Reached skill level 12 in Dodging
 18581 | Lair:4   | Found a basalt altar of Yredelemnul.
 18860 | Lair:5   | Entered Level 5 of the Lair of Beasts
 18865 | Lair:5   | Reached skill level 11 in Fighting
 19020 | Lair:5   | Found a viscous altar of Jiyva.
 19021 | Lair:5   | Found a staircase to the Slime Pits.
 19360 | Lair:5   | HP: 36/105 [rime drake/icy flash freeze (28)]
 19722 | Lair:5   | Reached ****** piety under Makhleb
 19729 | Lair:5   | Reached XP level 15. HP: 80/111 MP: 0/0
 19729 | Lair:5   | Learned a level 6 spell: Sculpt Simulacrum
 19924 | Lair:5   | Found a runed translucent gate.
 19924 | Lair:5   | Found a runed translucent gate.
 19924 | Lair:5   | Found a runed translucent gate.
 20342 | Lair:5   | Identified the +5 great mace "Ireucin" {heavy, Int+4}
 20623 | Lair:5   | Noticed jamsaran's ghost (journeyman DgAl)
 20690 | Lair:5   | HP: 55/112 [oklob plant/splash of acid (14)]
 20691 | Lair:5   | HP: 17/112 [oklob plant/splash of acid (30)]
 20959 | Lair:5   | Reached skill level 13 in Dodging
 21026 | Lair:5   | Reached skill level 15 in Spellcasting
 21026 | Lair:5   | Reached skill level 15 in Conjurations
 21026 | Lair:5   | Reached skill level 15 in Hexes
 21026 | Lair:5   | Reached skill level 15 in Summonings
 21026 | Lair:5   | Reached skill level 15 in Necromancy
 21026 | Lair:5   | Reached skill level 15 in Translocations
 21026 | Lair:5   | Reached skill level 15 in Fire Magic
 21026 | Lair:5   | Reached skill level 15 in Ice Magic
 21026 | Lair:5   | Reached skill level 15 in Air Magic
 21026 | Lair:5   | Reached skill level 15 in Earth Magic
 21026 | Lair:5   | Reached skill level 15 in Alchemy
 21509 | Lair:5   | Found a burning altar of Makhleb.
 21645 | Lair:5   | Found a gateway to Hell.
 21652 | Lair:5   | Identified the +11 plate armour "Otzeol" {rCorr}
 21741 | Lair:5   | Reached skill level 12 in Fighting
 21781 | Lair:5   | HP: 29/112 [ice dragon/blast of cold (45)]
 22133 | Orc:1    | Entered Level 1 of the Orcish Mines
 22164 | Orc:1    | HP: 38/112 [orc warrior/+0 glaive[an orc knight] (23)]
 22795 | Orc:1    | Found a runed translucent gate.
 22796 | Orc:1    | Found a runed translucent gate.
 22797 | Orc:1    | Found a runed translucent gate.
 22798 | Orc:1    | Found an opulent altar of Gozag.
 22798 | Orc:1    | Found Riomuy's Assorted Antiques.
 22798 | Orc:1    | Noticed Pokonic1's ghost (journeyman DrSh)
 22851 | Orc:1    | Upgraded the game from 0.32-a0-558-g233958a4c4 to
                  | 0.32-a0-571-gec57dfcd37
 22865 | Orc:2    | Entered Level 2 of the Orcish Mines
 23732 | Orc:2    | HP: 47/113 [orc priest/divine providence (10)]
 24195 | Orc:2    | Found a staircase to the Elven Halls.
 24275 | Orc:2    | HP: 56/113 [cloud of flame (8)]
 24508 | Orc:2    | HP: 49/103 [orc sorcerer/bolt of negative energy (16)]
 24807 | Orc:2    | Reached skill level 14 in Dodging
 24829 | Orc:2    | HP: 38/111 [orc knight/+0 long sword (25)]
 25163 | Orc:2    | Found Ushron's Antique Armour Shop.
 25163 | Orc:2    | Found Rejuvof's Distillery.
 25165 | Orc:2    | Found Tedusoy's Weapon Shop.
 25165 | Orc:2    | Found Myczua's Weapon Emporium.
 25171 | Orc:2    | Bought a shiny helmet for 210 gold pieces
 25171 | Orc:2    | Bought a masterwork leather armour for 196 gold pieces
 25171 | Orc:2    | Identified the +0 leather armour "Jeelu" {+Inv rC+ Int+2}
                  | (You bought it in a shop on level 2 of the Orcish Mines)
 25188 | Orc:2    | Bought a potion of haste for 130 gold pieces
 25763 | D:12     | Reached skill level 13 in Fighting
 26549 | D:13     | Reached XP level 16. HP: 96/121 MP: 0/0
 27589 | D:14     | Reached skill level 15 in Dodging
 27926 | D:14     | Found a gate to the Vaults.
 28207 | D:15     | Entered Level 15 of the Dungeon
 28264 | D:15     | Reached skill level 16 in Spellcasting
 28264 | D:15     | Reached skill level 16 in Conjurations
 28264 | D:15     | Reached skill level 16 in Hexes
 28264 | D:15     | Reached skill level 16 in Summonings
 28264 | D:15     | Reached skill level 16 in Necromancy
 28264 | D:15     | Reached skill level 16 in Translocations
 28264 | D:15     | Reached skill level 16 in Fire Magic
 28264 | D:15     | Reached skill level 16 in Ice Magic
 28264 | D:15     | Reached skill level 16 in Air Magic
 28264 | D:15     | Reached skill level 16 in Earth Magic
 28264 | D:15     | Reached skill level 16 in Alchemy
 28362 | D:15     | Reached skill level 14 in Fighting
 28584 | D:15     | HP: 58/123 [efreet/fireball (10)]
 28934 | D:15     | HP: 58/123 [fire dragon/blast of flame (13)]
 29442 | D:15     | Found a staircase to the Depths.
 29655 | Spider:1 | Entered Level 1 of the Spider Nest
 29815 | Spider:1 | Noticed Roxanne
 30151 | Spider:1 | Reached XP level 17. HP: 128/130 MP: 0/0
 30151 | Spider:1 | Learned a level 6 spell: Death Channel
 30319 | Spider:1 | Noticed Nikola
 30329 | Spider:1 | Killed Nikola
 30330 | Spider:1 | Reached skill level 16 in Dodging
 31185 | Spider:2 | Identified the +6 long sword "Xifun" {venom, rElec rPois}
 31305 | Spider:2 | HP: 63/130 [emperor scorpion (4)]
 31307 | Spider:2 | Reached skill level 15 in Fighting
 31657 | Spider:2 | HP: 65/131 [spore (10)]
 31701 | Spider:2 | HP: 61/131 [cloud of flame (6)]
 32036 | Spider:2 | Reached skill level 17 in Spellcasting
 32036 | Spider:2 | Reached skill level 17 in Conjurations
 32036 | Spider:2 | Reached skill level 17 in Hexes
 32036 | Spider:2 | Reached skill level 17 in Summonings
 32036 | Spider:2 | Reached skill level 17 in Necromancy
 32036 | Spider:2 | Reached skill level 17 in Translocations
 32036 | Spider:2 | Reached skill level 17 in Fire Magic
 32036 | Spider:2 | Reached skill level 17 in Ice Magic
 32036 | Spider:2 | Reached skill level 17 in Air Magic
 32036 | Spider:2 | Reached skill level 17 in Earth Magic
 32036 | Spider:2 | Reached skill level 17 in Alchemy
 32277 | Spider:2 | Identified the ring "Cajextis" {rElec Will+++ EV+5 Str-2
                  | Int-2}
 33257 | Spider:3 | HP: 64/131 [demonic crawler (15)]
 33487 | Spider:3 | HP: 53/131 [disintegration (49)]
 34220 | Spider:3 | Reached XP level 18. HP: 138/138 MP: 0/0
 34591 | Spider:4 | Entered Level 4 of the Spider Nest
 34623 | Spider:3 | Reached skill level 18 in Spellcasting
 34623 | Spider:3 | Reached skill level 18 in Conjurations
 34623 | Spider:3 | Reached skill level 18 in Hexes
 34623 | Spider:3 | Reached skill level 18 in Summonings
 34623 | Spider:3 | Reached skill level 18 in Necromancy
 34623 | Spider:3 | Reached skill level 18 in Translocations
 34623 | Spider:3 | Reached skill level 18 in Fire Magic
 34623 | Spider:3 | Reached skill level 18 in Ice Magic
 34623 | Spider:3 | Reached skill level 18 in Air Magic
 34623 | Spider:3 | Reached skill level 18 in Earth Magic
 34623 | Spider:3 | Reached skill level 18 in Alchemy
 35555 | Lair:5   | Got the ring "Sapnorer" {Fire Will+ Str+4 Int-2 SInv}
 36080 | Spider:4 | HP: 56/138 [ghost moth (12)]
 36632 | Spider:4 | Reached skill level 19 in Spellcasting
 36632 | Spider:4 | Reached skill level 19 in Conjurations
 36632 | Spider:4 | Reached skill level 19 in Hexes
 36632 | Spider:4 | Reached skill level 19 in Summonings
 36632 | Spider:4 | Reached skill level 19 in Necromancy
 36632 | Spider:4 | Reached skill level 19 in Translocations
 36632 | Spider:4 | Reached skill level 19 in Fire Magic
 36632 | Spider:4 | Reached skill level 19 in Ice Magic
 36632 | Spider:4 | Reached skill level 19 in Air Magic
 36632 | Spider:4 | Reached skill level 19 in Earth Magic
 36632 | Spider:4 | Reached skill level 19 in Alchemy
 36906 | Spider:4 | HP: 68/138 [emperor scorpion (2)]
 37109 | Spider:4 | Identified the orb of the Fisher {guile, Stlth+ Air}
 37127 | Spider:4 | Got a gossamer rune of Zot
 37315 | Shoals:1 | Entered Level 1 of the Shoals
 37391 | Shoals:1 | Noticed Donald
 37409 | Shoals:1 | Killed Donald
 37703 | Shoals:1 | Noticed a kraken
 37723 | Shoals:1 | HP: 60/138 [kraken (26)]
 37725 | Shoals:1 | Killed a kraken
 37963 | Shoals:1 | Noticed a kraken
 37984 | Shoals:1 | Killed a kraken
 38227 | Shoals:1 | Found Ekkaun's Book Emporium.
 39036 | Shoals:2 | Reached skill level 6 in Shields
 39074 | Shoals:2 | Reached XP level 19. HP: 109/143 MP: 0/0
 39074 | Shoals:2 | Learned a level 6 spell: Plasma Beam
 39745 | Shoals:3 | HP: 69/143 [alligator snapping turtle (18)]
 39975 | Shoals:3 | Identified a scroll of acquirement
 39976 | Shoals:3 | Acquired 776 gold pieces
 40029 | Shoals:3 | Reached skill level 7 in Shields
 40743 | Shoals:4 | Entered Level 4 of the Shoals
 41073 | Shoals:4 | Noticed Mara
 41078 | Shoals:4 | Reached skill level 16 in Fighting
 41087 | Shoals:4 | Reached skill level 8 in Shields
 41087 | Shoals:4 | Noticed sleeves's illusion
 41094 | Shoals:3 | Killed Mara
 41264 | Shoals:4 | Noticed Bai Suzhen
 41269 | Shoals:4 | Killed Bai Suzhen
 41459 | Shoals:4 | Noticed Mlioglotl
 41529 | Shoals:4 | Killed Mlioglotl
 41638 | Shoals:4 | Reached skill level 9 in Shields
 41820 | Shoals:4 | Noticed Louise
 41825 | Shoals:4 | Killed Louise
 41973 | Shoals:4 | Identified the +0 scale mail "Basaozea" {Str+5 Dex+2}
 42159 | Shoals:4 | Got a barnacled rune of Zot
 42557 | Orc:2    | Bought the +5 spear "Kuywafip" {protect, rF+ rC+ Int+3} for
                  | 782 gold pieces
 42639 | Elf:1    | Entered Level 1 of the Elven Halls
 42647 | Elf:1    | HP: 71/147 [thermic dynamo (11)]
 42647 | Elf:1    | HP: 16/147 [thermic dynamo/rebounding bolt of cold (53)]
 42654 | Orc:2    | HP: 71/147 [burnt (3)]
 42779 | D:14     | Reached XP level 20. HP: 131/153 MP: 0/0
 42796 | Vaults:1 | Entered Level 1 of the Vaults
 42802 | Vaults:1 | Reached skill level 1 in Armour
 42811 | Vaults:1 | Reached skill level 2 in Armour
 42830 | Vaults:1 | Reached skill level 20 in Spellcasting
 42830 | Vaults:1 | Reached skill level 20 in Conjurations
 42830 | Vaults:1 | Reached skill level 20 in Hexes
 42830 | Vaults:1 | Reached skill level 20 in Summonings
 42830 | Vaults:1 | Reached skill level 20 in Necromancy
 42830 | Vaults:1 | Reached skill level 20 in Translocations
 42830 | Vaults:1 | Reached skill level 20 in Fire Magic
 42830 | Vaults:1 | Reached skill level 20 in Ice Magic
 42830 | Vaults:1 | Reached skill level 20 in Air Magic
 42830 | Vaults:1 | Reached skill level 20 in Earth Magic
 42830 | Vaults:1 | Reached skill level 20 in Alchemy
 43004 | Vaults:1 | Reached skill level 3 in Armour
 43397 | Vaults:1 | Reached skill level 17 in Fighting
 43397 | Vaults:1 | Reached skill level 4 in Armour
 43397 | Vaults:1 | Reached skill level 10 in Shields
 43500 | Vaults:1 | Reached skill level 5 in Armour
 43687 | Vaults:1 | Reached skill level 6 in Armour
 43692 | Vaults:1 | Reached skill level 11 in Shields
 44228 | Vaults:2 | Reached skill level 7 in Armour
 44255 | Vaults:2 | HP: 61/155 [crystal guardian/crystallizing shot[a
                  | peacekeeper] (33)]
 44612 | Vaults:2 | Found a crumbling gateway.
 44621 | Desolati | Entered the Desolation of Salt
 44710 | Desolati | Reached XP level 21. HP: 153/160 MP: 0/0
 44710 | Desolati | Learned a level 7 spell: Summon Hydra
 44781 | Desolati | Identified the ring "Senaseyf" {rC+ rN+ MP+9 AC+4}
 44791 | Desolati | Identified the +1 great sword "Poexzear" {speed, rF+}
 44794 | Desolati | Identified the ring "Zomieroh" {Will+ Dex+4}
 44876 | Desolati | Reached skill level 12 in Shields
 44935 | Desolati | Reached skill level 8 in Armour
 45032 | Desolati | Identified the +6 quarterstaff of the Hammering Gods
                  | {venom, *Rage rC+ Int+7}
 45032 | Desolati | Identified the +3 shortbow of the Onslaught {speed, rN+
                  | Str+2}
 45032 | Desolati | Identified the ring of Coiv {Will++ rCorr Str-4 Dex+2
                  | Stlth+}
 45184 | Desolati | Identified the +1 leather armour "Zaebrif" {Int+9}
 45295 | Desolati | Reached skill level 1 in Polearms
 45366 | Desolati | Identified the amulet "Niehec" {Spirit rC++ Will+ Dex-2
                  | Slay+6}
 45401 | Desolati | Reached skill level 2 in Polearms
 45823 | Desolati | Reached skill level 3 in Polearms
 45830 | Desolati | Reached skill level 9 in Armour
 45992 | Desolati | HP: 77/160 [peacekeeper (14)]
 46005 | Desolati | Reached skill level 4 in Polearms
 46007 | Desolati | HP: 61/160 [servant of whispers/bolt of lightning (1)]
 46018 | Desolati | HP: 42/160 [servant of whispers/bolt of lightning (10)]
 46023 | Desolati | HP: 26/160 [servant of whispers/bolt of lightning (9)]
 46618 | Vaults:2 | Acquired a manual of Shields
 46748 | Vaults:2 | Reached skill level 13 in Shields
 46919 | Vaults:2 | Reached skill level 5 in Polearms
 47275 | Vaults:2 | Found a staircase to the Crypt.
 47409 | Vaults:2 | Reached skill level 6 in Polearms
 47412 | Vaults:2 | Reached skill level 10 in Armour
 47516 | Vaults:2 | Reached skill level 14 in Shields
 47517 | Vaults:2 | Reached XP level 22. HP: 157/166 MP: 0/0
 47519 | Vaults:2 | Reached skill level 7 in Polearms
 48283 | Vaults:3 | Found Beadil's Antique Armour Emporium.
 48319 | Vaults:3 | Reached skill level 8 in Polearms
 48352 | Vaults:3 | Reached skill level 15 in Shields
 48540 | Vaults:3 | Bought a pair of brightly glowing gloves for 380 gold
                  | pieces
 48540 | Vaults:3 | Identified the +0 pair of gloves of the Big Bang {rC+} (You
                  | bought it in a shop on level 3 of the Vaults)
 48540 | Vaults:3 | Bought a runed helmet for 300 gold pieces
 48648 | Vaults:3 | Found the +10 tower shield of Ignorance {rN+ Int-4}
 48664 | Vaults:3 | Reached skill level 9 in Polearms
 48917 | Vaults:3 | Identified the +6 sling of Xuepu {freeze, rF- rN+ Int+6}
 49046 | Vaults:3 | Noticed Zenata
 49052 | Vaults:3 | Killed Zenata
 49444 | Vaults:3 | Reached skill level 16 in Shields
 50043 | Vaults:4 | Reached skill level 10 in Polearms
 50077 | Vaults:4 | Identified the +3 flail "Oxuenn" {flame, *Noise rPois rC++
                  | rCorr}
 50552 | Vaults:4 | Reached XP level 23. HP: 125/172 MP: 0/0
 50552 | Vaults:4 | Learned a level 8 spell: Infestation
 50741 | Vaults:4 | Reached skill level 17 in Shields
 50974 | Vaults:4 | Reached skill level 11 in Polearms
 51346 | Vaults:5 | Entered Level 5 of the Vaults
 51346 | Vaults:5 | Noticed a dread lich
 51351 | Vaults:5 | HP: 86/172 [vault guard/+0 bardiche (3)]
 51352 | Vaults:5 | HP: 35/172 [vault guard/+0 great sword (13)]
 51352 | Vaults:5 | HP: 14/172 [vault guard/+1 glaive (21)]
 51352 | Vaults:5 | Slain by a vault guard

Illustrated notes

Levels and vault maps discovered:
D:1:      evilmike_arrival_plus, layout_rooms, minmay_tetromino_t4
D:2:      layout_loops_cross, shapermc_ecumenical_altar_notcrosses
D:3:      layout_basic, serial_shops, nicolae_shop_tiny_real_fake_doors, shop,
          chequers_garden, uniq_terence, uniq_grinder, uniq_natasha
D:4:      layout_basic, nicolae_yredelemnul_corpse_copse
D:5:      layout_basic, uniq_sigmund, uniq_pikel
D:6:      kennysheep_six_static_rooms, layout_gridville,
          minmay_temple_entry_nine_rooms, uniq_jeremiah, uniq_duvessa
D:7:      layout_cave_pods, nicolae_gozag_zags_fifth_avenue,
          nicolae_overflow_squiral, serial_park, serial_park_square3
          [serial_park_minivault_5x5_6], serial_park_tiny_pond,
          serial_park_fountain
D:8:      layout_cave_pools, reono_crystal_passage
D:9:      layout_stronghold, uniq_joseph, uniq_erica
D:10:     layout_stronghold, lemuel_crystal_altar, minmay_lair_entry_grove,
          ebering_ghost_funeral_grove
D:11:     layout_rooms, david_orc_1_choice, ebering_ghost_xom, uniq_harold,
          uniq_psyche
D:12:     hangedman_cross_veins, layout_loops_corners, kennysheep_donut
D:13:     layout_roguey, vehumet_altar_wand_db
D:14:     layout_roguey, hangedman_vaults_entry_quadrant_bands, nzn_random_ring,
          uniq_jorgrun
D:15:     grunt_enter_depths_magical_seal, layout_gridville, serial_glass,
          glass_columns_b, glass_columns_b, due_unseen_surprise,
          feat_on_display, item_on_display_a, item_on_display_a, chequers_avenue
Temple:   minmay_temple_bridge_d
Lair:1:   layout_roguey
Lair:2:   layout_loops_ring, nicolae_spider_entry_non_spiders,
          serial_bayou_pond_d
Lair:3:   layout_cave_pods, minmay_shoals_entry_centaurs, grunt_megastairs_1,
          lemuel_fruit_tree
Lair:4:   layout_regular_city, basic_altar, uniq_rupert
Lair:5:   evil_forest, layout_gridlike, slime_entry_2, gammafunk_ghost_icy
Shoals:1: layout_shoals, serial_shops, nicolae_shop_window_shopping, uniq_donald
Shoals:2: layout_shoals
Shoals:3: layout_shoals
Shoals:4: shoals_end_grunt_ice, layout_shoals,
          nicolae_shoals_arrival_archipelago, uniq_louise, uniq_bai_suzhen,
          uniq_mlioglotl, uniq_mara
Spider:1: layout_cave_pods, uniq_roxanne, uniq_nikola
Spider:2: layout_cave_pods
Spider:3: layout_chambers, nicolae_spider_orb_run
Spider:4: spider_rune_water, nicolae_spider_baby_got_redback
Orc:1:    layout_caves, ebering_ghost_gozag
Orc:2:    grunt_orc_tribal_feast, layout_diamond_mine, hangedman_minor_magic
Elf:1:    elf_arrival_002, layout_loops_cross, nicolae_elf_theology_debate,
          minivault_20, serial_library_hellmonk_room_b
Vaults:1: nicolae_vaults_big_ls, nicolae_vaults_inception_scallops,
          nicolae_vaults_alarming, vaults_room_boxed, nicolae_vaults_two_Ls,
          v_misc_18, hangedman_vaults_corner, nicolae_vaults_prndl,
          nicolae_vaults_little_squares_1,
          nicolae_vaults_variable_pillar_hall_cross, hangedman_vaults_impose,
          v_pattern_5, ontoclasm_vaults_shout, serial_ice_h,
          vaults_mumra_chevron_long, vaults_room_door_ring,
          layout_vaults_omnibox
Vaults:2: portal_desolation_entry_garden, nicolae_vaults_storage_closets_2,
          v_misc_18, nicolae_vaults_network_periphery, nicolae_vaults_prndl,
          minmay_crypt_entry_simple_box, ontoclasm_vaults_chip,
          ontoclasm_vaults_eye, nicolae_vaults_little_squares_1,
          nicolae_vaults_specimen_jars, grunt_vaults_hallway_long, st_squares,
          nicolae_vaults_house_1, ontoclasm_vaults_tryst, layout_vaults_ring
Vaults:3: nicolae_vaults_more_shelving_2, nicolae_vaults_trapezoid_1,
          nicolae_vaults_diamond_2, v_pattern_1, nicolae_vaults_trapezoid_1,
          nicolae_vaults_ellipses_ellipsis, nicolae_vaults_sightless_eye,
          nicolae_vaults_storage_closets_1, nicolae_vaults_sealed_display,
          v_alt_pattern_3, nicolae_vaults_house_2, layout_vaults_big_room,
          serial_shops, shop, uniq_zenata
Vaults:4: nicolae_vaults_shrinking_rooms_2, nicolae_vaults_more_shelving_1,
          nicolae_vaults_ring_of_whatevers, v_misc_12, nicolae_vaults_heist,
          vaults_standard_mumra_x, nicolae_vaults_corridor_and_loot_room,
          grunt_vaults_funnel, nicolae_vaults_tangram_2, serial_ice_m,
          vaults_dpeg_encased_lava, v_misc_14, nicolae_vaults_house_2,
          layout_vaults_big_cross
Vaults:5

Skill      XL: |  1  2  3  4  5  6  7  8  9 10 11 12 13 14 15 16 17 18 19 20 21 22 23 |
---------------+----------------------------------------------------------------------+-----
Spellcasting   | 4 5 6 7 8 9 12 13 14 15 16 17 19 20 | 20.8
Conjurations   | 4 5 6 7 8 9 12 13 14 15 16 17 19 20 | 20.8
Hexes          | 4 5 6 7 8 9 12 13 14 15 16 17 19 20 | 20.8
Summonings     | 4 5 6 7 8 9 12 13 14 15 16 17 19 20 | 20.8
Necromancy     | 4 5 6 7 8 9 12 13 14 15 16 17 19 20 | 20.8
Translocations | 4 5 6 7 8 9 12 13 14 15 16 17 19 20 | 20.8
Fire Magic     | 4 5 6 7 8 9 12 13 14 15 16 17 19 20 | 20.8
Ice Magic      | 4 5 6 7 8 9 12 13 14 15 16 17 19 20 | 20.8
Air Magic      | 4 5 6 7 8 9 12 13 14 15 16 17 19 20 | 20.8
Earth Magic    | 4 5 6 7 8 9 12 13 14 15 16 17 19 20 | 20.8
Alchemy        | 4 5 6 7 8 9 12 13 14 15 16 17 19 20 | 20.8
Shields        | 1 5 6 9 11 14 16 17 | 17.3
Fighting       | 5 7 9 11 13 14 15 16 17 | 17.0
Dodging        | 6 8 11 12 14 15 16 | 16.0
Armour         | 7 10 | 10.0
Polearms       | 6 10 11 | 11.2
Stealth        | |  1.5

Action                     |  1- 3 |  4- 6 |  7- 9 | 10-12 | 13-15 | 16-18 | 19-21 | 22-24 || total
---------------------------+-------+-------+-------+-------+-------+-------+-------+-------++-------
  Melee: Unarmed           |     1 |       |       |       |       |       |       |       ||     1
         Short sword       |       |       |    11 |       |       |       |       |       ||    11
         Whip              |       |       |       |     1 |    44 |    34 |       |       ||    79
         Spear             |       |       |       |       |       |       |    68 |       ||    68
  Throw: Dart              |       |       |       |       |     2 |       |       |       ||     2
   Cast: Foxfire           |    54 |    54 |   205 |   356 |   673 |   700 |     8 |       ||  2050
         Slow              |       |     2 |     3 |     3 |     2 |       |       |       ||    10
         Volatile Blastmot |       |     2 |     1 |     3 |    20 |     3 |       |       ||    29
         Scorch            |       |     3 |    37 |    77 |   191 |   183 |     3 |       ||   494
         Blink             |       |     1 |       |     3 |    12 |     6 |     1 |       ||    23
         Flame Wave        |       |       |       |    30 |   137 |   195 |    21 |     5 ||   388
         Mephitic Cloud    |       |       |       |    21 |    69 |    66 |     2 |       ||   158
         Cause Fear        |       |       |       |     6 |    10 |       |       |       ||    16
         Inner Flame       |       |       |       |     4 |    26 |    37 |       |       ||    67
         Sculpt Simulacrum |       |       |       |       |     3 |     3 |     6 |       ||    12
         Animate Armour    |       |       |       |       |     1 |       |       |       ||     1
         Plasma Beam       |       |       |       |       |       |       |   396 |   195 ||   591
         Death Channel     |       |       |       |       |       |       |     2 |       ||     2
         Summon Hydra      |       |       |       |       |       |       |    38 |       ||    38
  Evoke: Wand              |       |     1 |       |       |    14 |     9 |       |     1 ||    25
    Use: Scroll            |       |       |     9 |       |     7 |     8 |     7 |     2 ||    33
         Potion            |       |       |       |       |       |     1 |     3 |       ||     4
   Stab: Sleeping          |       |       |     1 |       |     1 |       |       |       ||     2
 Armour: Robe              |     5 |     7 |    16 |    52 |   192 |   285 |    24 |       ||   581
         Leather armour    |       |       |       |       |       |       |   107 |    45 ||   152
  Dodge: Dodged            |     6 |     3 |    15 |    54 |   261 |   542 |   232 |    51 ||  1164
  Block: Buckler           |       |       |     7 |    26 |    81 |   134 |    14 |       ||   262
         Kite shield       |       |       |       |       |       |       |   154 |    42 ||   196
         Reflection        |       |       |       |       |       |       |    12 |     7 ||    19

Table legend: (Time is in decaauts)
 A = Elapsed time spent in this place.
 B = Non-inter-level travel time spent in this place.
 C = Inter-level travel time spent in this place.
 D = Time resting spent in this place.
 E = Time spent auto-exploring this place.
 F = Levels seen in this place.
 G = Mean time per level.
                   A        B        C        D        E       F      G
               +--------+--------+--------+--------+--------+-----+--------+
         Total |  51441 |  47376 |   4065 |   4820 |  34480 |  38 | 1353.7 |
       Dungeon |  19091 |  17668 |   1423 |   1962 |  12811 |  15 | 1272.7 |
        Temple |     44 |      1 |     43 |      0 |      0 |   1 |   44.0 |
          Lair |   8614 |   7736 |    878 |    877 |   5508 |   5 | 1722.8 |
        Shoals |   5076 |   4755 |    321 |    440 |   3700 |   4 | 1269.0 |
   Spider Nest |   7152 |   6581 |    571 |    559 |   4750 |   4 | 1788.0 |
  Orcish Mines |   2921 |   2647 |    274 |    564 |   1442 |   2 | 1460.5 |
   Elven Halls |     14 |     14 |      0 |      0 |      0 |   1 |   14.0 |
        Vaults |   6588 |   6036 |    552 |    317 |   4915 |   5 | 1317.6 |
    Desolation |   1937 |   1937 |      0 |    101 |   1354 |   1 | 1937.0 |
               +--------+--------+--------+--------+--------+-----+--------+

Top non-repeatable levels by time:
  Lair:5: 3114 daAuts
    D:12: 2945 daAuts
   Orc:2: 2184 daAuts
Spider:3: 2050 daAuts
Desolation: 1937 daAuts
Spider:2: 1917 daAuts
    D:10: 1857 daAuts
Spider:4: 1817 daAuts
Vaults:3: 1718 daAuts
Vaults:2: 1709 daAuts
     D:7: 1690 daAuts
Vaults:1: 1637 daAuts
  Lair:4: 1596 daAuts
Vaults:4: 1517 daAuts
  Lair:3: 1491 daAuts
